 Dungeon Crawl Stone Soup version 0.27-a0-951-gae3e1deef5 (webtiles) character file.

Game seed: 16097220254404651592

43 jasper the Charlatan (level 3, -3/26 HPs)
             Began as a Demonspawn Artificer on Apr 11, 2021.
             Slain by a gnoll
             ... wielding a +0 spear
              (4 damage)
             ... on level 2 of the Dungeon.
             The game lasted 00:04:22 (2059 turns).

jasper the Charlatan (Demonspawn Artificer)         Turns: 2059, Time: 00:04:23

Health: -3/26      AC:  5    Str: 12    XL:     3   Next: 37%
Magic:  3/3        EV:  6    Int: 12    God:
Gold:   95         SH:  0    Dex: 14    Spells: 0/2 levels left

rFire    . . .     SeeInvis .     - Unarmed
rCold    . . .     Faith    .   (no shield)
rNeg     . . .     Spirit   .   g - +0 leather armour of Valiance {+Blink}
rPois    .         Reflect  .   (no helmet)
rElec    .         Harm     .   (no cloak)
rCorr    .         Rampage  .   (no gloves)
Will     .....                  (no boots)
Stlth    +.........             (no amulet)
HPRegen  0.08/turn              (no ring)
MPRegen  0.08/turn              (no ring)

@: held
A: molten scales 1, condensation shield
a: Evoke Blink


You were on level 2 of the Dungeon.
You visited 1 branch of the dungeon, and saw 4 of its levels.

You collected 95 gold pieces.

Inventory:

Hand Weapons
 a - a +0 club
Missiles
 k - 22 stones (quivered)
Armour
 b - a +0 leather armour
 g - the +0 leather armour of Valiance (worn) {+Blink}
   (You found it on level 4 of the Dungeon)

   It lets you blink.
Wands
 d - a wand of charming (5)
 e - a wand of random effects (13)
Scrolls
 j - a scroll of torment {unknown}
 m - a scroll of identify {unknown}
Potions
 c - a potion of flight {unknown}
 f - 2 potions of attraction {unknown}
 h - a potion of heal wounds {unknown}
 i - a potion of haste {unknown}
 l - a potion of curing {unknown}
 n - a potion of cancellation {unknown}
 o - a potion of berserk rage {unknown}


   Skills:
 + Level 1.6 Fighting
 + Level 2.2 Armour
 - Level 0.8 Dodging
 - Level 0.8 Stealth
 * Level 1.5 Unarmed Combat
 + Level 3.3 Evocations


You couldn't memorise any spells.
You knew the following spells:

 Your Spells              Type           Power      Damage    Failure   Level
a - Blink                 Tloc           N/A        N/A       54%         2

Your spell library contained the following spells:

 Spells                   Type           Power      Damage    Failure   Level
 Magic Dart               Conj           0%         1d3       38%         1
 Call Imp                 Summ           0%         N/A       54%         2
 Slow                     Hex            0%         N/A       54%         2
 Conjure Flame            Conj/Fire      0%         6-21      77%         3
 Mephitic Cloud           Conj/Pois/Air  0%         N/A       77%         3


Dungeon Overview and Level Annotations

Branches:
Dungeon (4/15)
 Temple: D:4-7

Altars:


Innate Abilities, Weirdness & Mutations

You are partially covered in molten scales. (AC +2)
A meltable shield of frost defends you. (SH +4)


Message History

The gnoll moves out of view.
Found a spear and a +0 club.
There are monsters nearby!
There are monsters nearby!
Aiming: Random Effects
Press: ? - help, Shift-Dir - straight line, f - gnoll
Aim: a gnoll, wielding a +0 short sword
Okay, then.
Aiming: Charm
Press: ? - help, Shift-Dir - straight line, f - gnoll
Aim: a gnoll, wielding a +0 short sword (chance to affect: 64%)
The gnoll is charmed.
The gnoll shouts!
What are your orders? t - Shout!
Orders for allies: a - Attack new target. p - Attack previous target. r - Retreat! s - Stop attacking. g - Guard the area. f - Follow me.
Anything else - Cancel.
Gang up on whom?
Press: ? - help, Dir - move target, f - gnoll, p - gnoll
Aim: a gnoll, wielding a +0 halberd Attack!
Your gnoll barely misses the gnoll.
The gnoll misses you.
The gnoll hits you from afar with a +0 halberd.
Your gnoll hits the gnoll with a +0 short sword.
The gnoll throws a throwing net.
The throwing net hits you.
You become entangled in the net!
You take 6 damage, and have 20/26 hp.
MASSIVE DAMAGE!!
You struggle against the net.
The gnoll hits you from afar with a +0 halberd!
Your gnoll hits the gnoll with a +0 short sword.
You take 9 damage, and have 11/26 hp.
MASSIVE DAMAGE!!
You tear a large gash into the net.
The gnoll hits you from afar with a +0 halberd!
* * * LOW HITPOINT WARNING * * *
Your gnoll hits the gnoll with a +0 short sword!
The gnoll dies!
The gnoll hits you from afar with a +0 spear.
You die...

..........# ##### #.†..
..........####...#
#....
.............'...#
#.... #..........†#...#
#.... #...........#.###
#.... #...........#.#
#.###
#...........#.#####....
#...........#.##...####
#.....@.....#..'...+...
######'#########...####
.g) #...# .).g.
##...#### .......
##....[..# #.....)..
#........#
#......#####'####...#
#......#≈≈≈≈≈≈≈≈#...'
#≈......≈#...#


You could see a gnoll and a friendly gnoll (charmed, unaware).

Vanquished Creatures
  5 ball pythons
  3 bats
  2 endoplasms (D:2)
  A giant cockroach (D:1)
  A hobgoblin (D:1)
  3 jackals (D:1)
  6 kobolds
  5 quokkas
  2 frilled lizards
  5 rats (D:1)
33 creatures vanquished.

Vanquished Creatures (collateral kills)
  A gnoll (D:2)
  An adder skeleton (D:4)
  An endoplasm (D:2)
  A goblin (D:1)
  3 hobgoblins
  A frilled lizard (D:2)
  A rat (D:2)
9 creatures vanquished.

Vanquished Creatures (others)
  An ogre (D:4)
  A ball python (D:4)
2 creatures vanquished.

Grand Total: 44 creatures vanquished

Notes
Turn   | Place    | Note
-------+----------+-------------------------------------------
     0 | D:1      | jasper the Demonspawn Artificer began the quest for the
                  | Orb.
     0 | D:1      | Reached XP level 1. HP: 15/15 MP: 1/1
   138 | D:1      | Gained mutation: A meltable shield of frost defends you.
                  | (SH +4) [demonic ancestry]
   138 | D:1      | Reached XP level 2. HP: 16/21 MP: 2/2
   315 | D:1      | Reached skill level 1 in Unarmed Combat
   674 | D:3      | Noticed a howler monkey
   723 | D:4      | Noticed an ogre
   766 | D:4      | Identified the +0 leather armour of Valiance {+Blink}
   777 | D:4      | Noticed a gnoll sergeant
   778 | D:4      | Noticed a phantom
   825 | D:2      | Found a faded altar of an unknown god.
  1227 | D:1      | Gained mutation: You are partially covered in molten
                  | scales. (AC +2) [demonic ancestry]
  1227 | D:1      | Reached XP level 3. HP: 26/26 MP: 3/3
  1330 | D:1      | You fall into a shaft and drop 1 floor!
  1878 | D:2      | Learned a level 2 spell: Blink
  2059 | D:2      | HP: 1/26 [gnoll/+0 halberd (10)]
  2059 | D:2      | Slain by a gnoll

Illustrated notes

Levels and vault maps discovered:
D:1:      kennysheep_arrival_seaside, layout_loops_cross
D:2:      layout_basic, chequers_ecumenical_altar_island, dk_vineyard_1
D:3:      layout_basic, amethyst_overflow_temple_binary, minmay_joined_circles,
          uniq_natasha, uniq_sigmund
D:4:      layout_rooms, kennysheep_mini_moat, minmay_manual_moon,
          uniq_blork_the_orc, uniq_menkaure, uniq_eustachio

Skill      XL: |  1  2 |
---------------+-------+-----
Armour         | 2 |  2.2
Unarmed Combat | 1 |  1.5
Fighting       | |  1.6
Dodging        | |  0.8
Stealth        | |  0.8
Evocations     | |  3.3

Action                   || total
-------------------------++-------
Melee: Club              ||     8
       Unarmed           ||    99
       Punch             ||     1
Throw: Stone             ||    31
Evoke: Wand              ||    27
  Use: Scroll            ||     1
Armor: Leather armour    ||    29
Dodge: Dodged            ||    66
Block: Other             ||    22

Table legend: (Time is in decaauts)
 A = Elapsed time spent in this place.
 B = Non-inter-level travel time spent in this place.
 C = Inter-level travel time spent in this place.
 D = Time resting spent in this place.
 E = Time spent auto-exploring this place.
 F = Levels seen in this place.
 G = Mean time per level.
                   A        B        C        D        E       F      G
               +--------+--------+--------+--------+--------+-----+--------+
         Total |   2074 |   1946 |    128 |    268 |   1190 |   4 |  518.5 |
       Dungeon |   2074 |   1946 |    128 |    268 |   1190 |   4 |  518.5 |
               +--------+--------+--------+--------+--------+-----+--------+

Top non-repeatable levels by time:
     D:1: 1249 daAuts
     D:2: 682 daAuts
     D:4: 116 daAuts
     D:3: 26 daAuts
